 Dungeon Crawl Stone Soup version 0.25-a0-697-g890751e744 (webtiles) character file.

Game seed: 15261146171283904689, levelgen mode: deterministic

625413 MachJacob the Conqueror (level 27, -15/218 HPs)
             Began as a Red Draconian Berserker on Mar 25, 2020.
             Was an Elder of Trog.
             Demolished by an Orb Guardian (42 damage)
             ... on level 5 of the Realm of Zot on Apr 1, 2020.
             The game lasted 05:05:38 (95553 turns).

MachJacob the Conqueror (Red Draconian Berserker)  Turns: 95553, Time: 05:05:39

Health: -15/218    AC: 21    Str: 29 (32) XL:     27
Magic:  0/33       EV: 32    Int:  6 (8)  God:    Trog [****..]
Gold:   6507       SH: 22    Dex: 19 (20) Spells: 26/26 levels left

rFire    + + .     SeeInvis +   a - +9 demon trident (elec)
rCold    . . .     Gourm    .   R - +5 kite shield {rN+}
rNeg     + + +     Faith    .   (armour unavailable)
rPois    .         Spirit   +   c - +2 hat {Int+3}
rElec    .         Reflect  +   Z - scarf {Spirit}
rCorr    .         Harm     .   V - +2 pair of gloves {Dex+3}
MR       ++...                  L - -1 pair of boots "Zerej" {+Inv Int-2 Dex+3 SInv}
Stlth    ++........             U - amulet "Hikippiv" {Reflect rN+ SH+2}
HPRegen  0.46/turn              i - ring of protection from fire
MPRegen  0.23/turn              t - ring "Saufryr" {rN+ AC+3 Str+4 Slay+2}

@: about to teleport
A: breathe fire, unfitting armour, clumsy 1, fire resistance 1, frail 2, low mp
1, cold-blooded, AC +13
}: 3/15 runes: decaying, serpentine, abyssal
a: Breathe Fire, Berserk, Trog's Hand, Brothers in Arms, Renounce Religion,
Evoke Invisibility


You were on level 5 of the Realm of Zot.
You worshipped Trog.
Trog was greatly pleased with you.
You were not hungry.

You visited 9 branches of the dungeon, and saw 48 of its levels.
You visited the Abyss 1 time.
You also visited: Sewer.

You collected 7682 gold pieces.
You spent 1175 gold pieces at shops.

Inventory:

Hand Weapons
 a - a +9 demon trident of electrocution (weapon)
   (You took it off Urug on level 12 of the Dungeon)
 b - a +9 vorpal broad axe
   (Trog gifted it to you on level 4 of the Snake Pit)
 d - a +3 antimagic broad axe
   (Trog gifted it to you on level 1 of the Elven Halls)
Missiles
 j - 1418 stones (quivered)
 A - 5 throwing nets {!f}
Armour
 c - a +2 hat of intelligence (worn)
   (You found it on level 2 of the Elven Halls)
 z - a +1 cloak of invisibility
   (You took it off a draconian monk on level 2 of the Realm of Zot)
 E - a +1 cloak of poison resistance
   (You took it off a draconian shifter on level 3 of the Realm of Zot)
 L - the -1 pair of boots "Zerej" (worn) {+Inv Int-2 Dex+3 SInv}
   (You found it on level 8 of the Dungeon)

   It affects your intelligence (-2).
   It affects your dexterity (+3).
   It lets you see invisible.
   It lets you turn invisible.
 R - a +5 kite shield of positive energy (worn)
   (You took it off a tengu warrior on level 2 of the Depths)
 V - a +2 pair of gloves of dexterity (worn)
   (You found it on level 3 of the Elven Halls)
 Z - a scarf of spirit shield (worn)
   (You found it on level 2 of the Depths)
Jewellery
 i - a ring of protection from fire (left hand)
   (You found it on level 1 of the Depths)
 o - an uncursed ring of protection from cold
   (You found it on level 1 of the Elven Halls)
 s - the ring of Compulsion {+Blink +Fly rN+ Int+3}
   (You found it on level 2 of the Vaults)

   [ring of intelligence]

   It affects your intelligence (+3).
   It protects you from negative energy.
   It lets you fly.
   It lets you blink.
 t - the ring "Saufryr" (right hand) {rN+ AC+3 Str+4 Slay+2}
   (You bought it in a shop on level 5 of the Depths)

   [ring of protection]

   It affects your AC (+3).
   It affects your strength (+4).
   It affects your accuracy and damage with ranged weapons and melee attacks
   (+2).
   It protects you from negative energy.
 C - an uncursed ring of poison resistance
   (You took it off a deep elf mage on level 1 of the Elven Halls)
 N - an uncursed ring of resist corrosion
   (You took it off a goblin on level 3 of the Dungeon)
 P - the ring "Caghaoz" {rElec EV+6}
   (You found it on level 1 of the Lair of Beasts)

   [ring of evasion]

   It affects your evasion (+6).
   It insulates you from electricity.
 U - the amulet "Hikippiv" (around neck) {Reflect rN+ SH+2}
   (You took it off a spriggan berserker on level 3 of the Depths)

   [amulet of reflection]

   It shields you and reflects attacks.
   It protects you from negative energy.
   It affects your SH (+2).
Wands
 u - a wand of paralysis (48)
   (You found it on level 4 of the Lair of Beasts)
 v - a wand of digging (9)
   (You bought it in a shop on level 1 of the Depths)
 Y - a wand of polymorph (25)
   (You found it on level 4 of the Lair of Beasts)
Scrolls
 f - 9 scrolls of immolation {!r}
 g - 20 scrolls of remove curse {@r2}
 h - 3 scrolls of holy word
 m - 17 scrolls of teleportation {@r4}
 x - 2 scrolls of noise {!r}
 D - 24 scrolls of identify {@r1}
 F - a scroll of magic mapping
 H - 4 scrolls of fear
 J - 7 scrolls of blinking
 O - 2 scrolls of silence
 Q - 4 scrolls of fog
 S - 2 scrolls of acquirement
 T - 2 scrolls of summoning
Potions
 k - 6 potions of invisibility
 l - 7 potions of stabbing
 n - 20 potions of curing {@q1}
 p - 5 potions of cancellation
 q - 7 potions of lignification {!q}
 r - 7 potions of flight
 y - 8 potions of heal wounds {@q2}
 B - 5 potions of brilliance
 I - a potion of resistance
 K - 4 potions of haste {@q3}
 M - 8 potions of ambrosia
 W - 4 potions of might
Miscellaneous
 w - 5 boxes of beasts
 X - 4 phantom mirrors
Comestibles
 e - 58 rations {!d}


   Skills:
 O Level 27 Fighting
 - Level 15.8(18.0) Axes
 - Level 14.9(17.5) Polearms
 + Level 22.8 Dodging
 - Level 15.0 Shields
 + Level 19.9 Evocations


You had 26 spell levels left.
You didn't know any spells.
Your spell library was empty.

Dungeon Overview and Level Annotations

Branches:
Dungeon (15/15)            Temple (0/1) D:7            Lair (6/6) D:8
  Swamp (4/4) Lair:3        Snake (4/4) Lair:2        Slime (0/5) Lair:6
    Orc (2/2) D:12            Elf (3/3) Orc:2        Vaults (4/5) D:14
  Crypt (0/3) Vaults:3     Depths (5/5) D:15            Zot (5/5) Depths:5
  Sewer (visited)

Altars:
Elyvilon
Fedhas
Kikubaaqudgha
Okawaru
Uskayaw
Vehumet
Wu Jian
The Shining One
Beogh
Jiyva

Shops:
Orc:2 [*[([=   Elf:3 !   Snake:1 :!*?!   Vaults:2 }   Vaults:4 *   Depths:1 }
Depths:5 =}=*

Portals:
Hell: Depths:1 Depths:2 Depths:3 Depths:4 Depths:5
Abyss: Depths:1 Depths:3 Depths:4
Pandemonium: Depths:2 Depths:3
Ziggurat: Depths:4
Trove: D:11 (give 2 scrolls of acquirement)

Annotations:
D:4 2 transporters, Blork the orc
D:5 1 runed translucent door, Crazy Yiuf
D:15 Roxanne
Swamp:4 Aizul
Elf:2 5 runed translucent doors, exclusion: 5 doors
Vaults:2 1 runed translucent door, Esootuin's ghost, adept HOMo
Zot:1 1 runed translucent door, Bouryr's ghost, master MiFi
Zot:2 1 exclusion
Zot:4 2 exclusions


Innate Abilities, Weirdness & Mutations

You can breathe blasts of fire.
Your fiery red scales are hard. (AC +13)
You cannot fit into any form of body armour.
Your flesh is heat resistant. (rF+)
You are cold-blooded and may be slowed by cold attacks.
You are clumsy. (Dex -2)
You are very frail. (-20% HP)
Your magical capacity is low. (-10% MP)


Message History

The Killer Klown shouts!
A red draconian comes into view. It is wielding a +0 halberd.
The red draconian roars!
You hear a shout! x2
An ancient lich comes into view.
Found 23 gold pieces.
Okay, then.
Here: a Killer Klown, wielding a +9 club The floor.
The floor.
Okay, then.
As you read the scroll of teleportation {@r4}, it crumbles to dust.
You feel strangely unstable.
You feel the Orb delaying your translocation!
The Killer Klown blinks!
The Killer Klown throws klown pie at you.
The klown pie misses you.
An Orb Guardian comes into view.
Okay, then.
Okay, then.
You feel much better.
The ancient lich gestures at you while chanting.
The bolt of lightning hits you!!
* * * LOW HITPOINT WARNING * * *
You see here 23 gold pieces.
You feel much better. You block the Killer Klown's attack.
The red draconian breathes flames at you.
The searing blast misses you. You block the Killer Klown's attack.
You feel much better.
An ancient lich comes into view.
You block the red draconian's attack. You block the Killer Klown's attack.
The Killer Klown blinks!
The ancient lich casts a spell at you.
You suddenly lose the ability to move!
The red draconian hits you but does no damage.
The Killer Klown blinks!
The Orb Guardian hits you!!!
* * * LOW HITPOINT WARNING * * *
The Killer Klown blinks!
The Orb Guardian hits you!
* * * LOW HITPOINT WARNING * * *
The red draconian breathes flames at you.
The searing blast hits you! You resist.
* * * LOW HITPOINT WARNING * * *
The Orb Guardian hits you but does no damage.
You can move again.
You feel much better.
You are engulfed in blazing flames.
You resist.
* * * LOW HITPOINT WARNING * * *
You block the red draconian's attack.
The Killer Klown is engulfed in blazing flames.
The Killer Klown completely misses you. The Orb Guardian hits you!!!
You die...

*,,,.......^,,,,,,
*,,,.......,,,,,,,
**,,p......,,,,,,,
**,.......,,,^,,,
▓▓.......,,,,,,,
▓▓L.......,,,,,,,
▓▓.........,,,,,,,
▓pX........,,,,,,,
▓@.d.L.....,,,,,,,
▓▓.........,^,,,,,
▓▓........,,,,,,,
▓▓▓▓....^,,,,,,,
*▓▓▓▓▓*******


You could see a Killer Klown, 2 ancient liches, a red draconian and an Orb
Guardian.

Vanquished Creatures
  2 ancient liches (Zot:5)
  5 orbs of fire
  A juggernaut (Depths:2)
  5 Killer Klowns (Zot:5)
  Margery (Vaults:3)
  A curse toe (Zot:5)
  2 caustic shrikes (Depths:3)
  12 golden dragons
  2 electric golems
  Jorgrun (D:15)
  A hellephant (Abyss:5)
  6 liches
  14 tentacled monstrosities
  3 deep elf blademasters
  2 titans
  13 Orb Guardians
  A deep elf master archer (Elf:1)
  11 quicksilver dragons
  6 sphinxes
  16 death cobs
  3 tentacled starspawn (Abyss:5)
  An ancient champion (Vaults:1)
  8 nagarajas
  13 shadow dragons
  Agnes (Vaults:1)
  Kirke (D:13)
  5 tengu reavers
  3 draconian monks
  15 storm dragons
  A daeva (Abyss:5)
  15 frost giants
  Donald (Orc:2)
  An iron dragon (Depths:5)
  8 deep elf sorcerers
  2 ghost moths
  6 vault wardens
  2 draconian knights
  13 fire giants
  6 draconian scorchers
  6 draconian stormcallers
  4 deep elf elementalists
  2 angels
  5 draconian shifters
  7 draconian annihilators
  5 spriggan defenders
  2 war gargoyles
  6 ironheart preservers
  16 stone giants
  7 green draconians
  3 entropy weavers
  33 very ugly things
  8 black draconians
  12 white draconians
  Azrael (Orc:1)
  7 vampire knights
  7 red draconians
  5 deep elf demonologists
  19 yellow draconians
  9 spark wasps
  17 purple draconians
  10 deep elf annihilators
  2 merfolk javelineers
  Josephine (Lair:5)
  11 ettins
  A merfolk impaler (Depths:4)
  9 deep elf death magi
  10 fire dragons
  14 ice dragons
  4 deep elf high priests
  Erolcha (Orc:1)
  10 ogre magi
  9 naga warriors
  14 yaktaur captains
  12 great orbs of eyes
  4 rakshasas
  The ghost of Zaque the Fighter, a novice OgFi of Okawaru (D:8)
  26 hydras
  A spriggan air mage (Depths:2)
  15 centaur warriors
  8 vault guards
  2 ghost crabs
  26 two-headed ogres
  24 anacondas
  13 alligators
  4 tengu warriors
  20 dancing weapons
  8 deep troll shamans
  10 death yaks
  17 deep troll earth magi
  22 spriggans
  6 shock serpents
  7 spriggan berserkers
  A storm dragon zombie (Vaults:4)
  2 vampire magi
  12 naga sharpshooters
  16 thrashing horrors
  An orc high priest (Orc:2)
  Urug (D:12)
  12 deep elf knights
  A sixfirhy (Abyss:5)
  A shadow wraith (Vaults:4)
  5 iron trolls
  8 hell knights
  A spatial maelstrom (Abyss:5)
  A deep troll (shapeshifter) (Depths:4)
  A salamander mystic (Snake:2)
  26 deep trolls
  A sea snake (shapeshifter) (Depths:1)
  A spriggan druid (Swamp:3)
  9 naga ritualists
  An unseen horror (D:11)
  4 wizards
  5 glowing orange brains
  4 flayed ghosts
  10 swamp dragons
  9 deep elf archers
  17 ironbrand convokers
  2 lindwurms (shapeshifter)
  A shadow dragon zombie (Vaults:4)
  A harpy (shapeshifter) (Depths:1)
  3 orc sorcerers
  14 orc knights
  5 necromancers
  4 oklob plants (Lair:1)
  5 wolf spiders
  A wolf spider zombie (D:13)
  39 deep elf magi
  8 cyclopes
  2 manticores
  10 salamanders
  45 ugly things
  A cyclops (shapeshifter) (Depths:4)
  11 mana vipers
  17 moths of wrath
  A worldbinder (Abyss:2)
  6 draconians (Abyss:5)
  A fire giant zombie (Vaults:4)
  3 black mambas (shapeshifter)
  An orc zombie (Vaults:2)
  A stone giant skeleton (Vaults:4)
  16 guardian serpents
  10 elephants
  23 naga magi
  35 black mambas
  An apocalypse crab (Abyss:5)
  11 spiny frogs
  4 smoke demons
  2 centaur skeletons (D:14)
  7 vault sentinels
  2 spiny frogs (shapeshifter)
  37 yaktaurs
  A komodo dragon (shapeshifter) (D:15)
  A rime drake (Lair:3)
  An ice devil (Abyss:2)
  2 kobold demonologists
  2 efreet
  4 freezing wraiths
  6 komodo dragons
  2 ancient zymes (Abyss:5)
  3 trolls (shapeshifter)
  3 hellwings
  2 jumping spiders
  A queen bee (D:9)
  2 meliai (shapeshifter)
  A wind drake (shapeshifter) (Depths:4)
  A red devil (Depths:3)
  5 tengu conjurers
  11 trolls
  11 tyrant leeches
  A tyrant leech (shapeshifter) (Depths:2)
  4 polar bears (Lair:6)
  2 tengu simulacra
  A blink frog (shapeshifter) (Depths:3)
  A hippogriff (shapeshifter) (Depths:2)
  21 hornets
  A shadow dragon simulacrum (Vaults:4)
  2 raiju (Abyss:2)
  2 bog bodies (Swamp:2)
  13 blink frogs
  29 slime creatures
  8 dream sheep
  15 hippogriffs
  A snapping turtle (shapeshifter) (Depths:5)
  3 air elementals (Elf:2)
  4 vampires
  15 water elementals
  2 ynoxinuls
  A basilisk (shapeshifter) (Vaults:2)
  2 shadows (Swamp:4)
  39 yaks
  2 tarantellas (shapeshifter)
  A wyvern (D:11)
  6 redbacks
  Sigmund (D:2)
  2 hogs (D:13)
  4 wraiths
  A yak (shapeshifter) (Vaults:4)
  5 fire elementals
  A basilisk (Lair:6)
  22 vampire mosquitoes
  4 hungry ghosts
  Edmund (D:5)
  2 wargs (shapeshifter)
  6 insubstantial wisps (Swamp:4)
  6 wargs
  57 nagas
  16 swamp worms
  4 acid dragons
  15 water moccasins
  A soldier ant (D:13)
  10 porcupines
  8 hell hounds
  2 small abominations (Abyss:5)
  3 ice beasts
  A floating eye (shapeshifter) (Vaults:3)
  10 swamp drakes
  2 phantoms
  A sky beast (shapeshifter) (Depths:3)
  3 sky beasts
  5 large abominations
  An elf zombie (Vaults:2)
  47 orc warriors
  An eye of draining (D:6)
  A hornet zombie (D:12)
  11 boggarts
  3 black bears (Lair:6)
  26 ogres
  2 human skeletons
  60 wolves
  A boggart (shapeshifter) (Depths:1)
  21 centaurs
  10 crocodiles
  20 bullfrogs
  10 big kobolds
  2 wyvern zombies
  6 gnoll sergeants
  An earth elemental (Elf:3)
  6 scorpions
  38 killer bees
  4 wights (D:12)
  5 electric eels
  5 howler monkeys
  4 crimson imps
  4 bullfrog zombies
  2 quasits
  2 centaur zombies
  4 bullfrog skeletons
  9 hounds
  13 orc wizards
  14 orc priests
  6 jellies
  7 iguanas
  Jessica (D:2)
  2 hell rats (Lair:4)
  10 worker ants
  A killer bee zombie (D:6)
  2 hound skeletons
  2 howler monkey zombies
  A worker ant zombie (D:7)
  6 gnolls
  20 adders
  16 river rats
  6 shadow imps
  An ufetubus (Abyss:2)
  3 oozes
  An adder skeleton (D:5)
  An adder zombie (D:7)
  3 worms (D:3)
  5 dart slugs
  5 leopard geckos
  97 orcs
  8 bats
  3 giant cockroaches
  9 goblins
  6 hobgoblins
  6 jackals
  9 quokkas
  3 ball pythons
  9 frilled lizards
  A jackal zombie (D:8)
  29 kobolds
  A kobold zombie (D:8)
  3 leopard gecko skeletons
  A quokka skeleton (D:4)
  10 rats
  A fungus (Depths:2)
  A plant (Lair:1)
  5 starspawn tentacles (Abyss:5)
2255 creatures vanquished.

Vanquished Creatures (collateral kills)
  A juggernaut (Depths:3)
  Sojobo (Vaults:1)
  Nessos (Lair:5)
  A deep elf death mage (Elf:1)
  A deep elf mage (Elf:1)
  A smoke demon (Abyss:5)
  A rime drake (Lair:5)
  A basilisk (Lair:1)
  2 wolves (Lair:1)
10 creatures vanquished.

Vanquished Creatures (others)
  An ancient lich (Zot:5)
  2 deep elf master archers (Elf:3)
  A draconian monk (Zot:1)
  A stone giant (Depths:5)
  A deep elf high priest (Depths:4)
  A yaktaur captain (Depths:4)
  A hydra (Swamp:2)
  A spriggan druid (Swamp:4)
  A swamp dragon (Swamp:4)
  A deep elf archer (Elf:3)
  A deep elf mage (Elf:2)
  A guardian serpent (Snake:4)
  An ancient zyme (Abyss:5)
  2 yaktaurs (Depths:4)
  A slime creature (Swamp:2)
  A human (D:13)
  2 centaurs (Depths:4)
  2 orcs
  14 fungi
  4 plants
  2 starspawn tentacles (Abyss:5)
  5 toadstools (D:1)
47 creatures vanquished.

Grand Total: 2312 creatures vanquished

Notes
Turn   | Place    | Note
-------+----------+-------------------------------------------
     0 | D:1      | MachJacob the Draconian Berserker began the quest for the
                  | Orb.
     0 | D:1      | Reached XP level 1. HP: 19/19 MP: 1/1
   298 | D:1      | Reached XP level 2. HP: 22/26 MP: 2/2
   728 | D:1      | Reached XP level 3. HP: 31/33 MP: 3/3
  1359 | D:2      | Noticed Jessica
  1467 | D:2      | Reached ** piety under Trog
  1716 | D:2      | Reached skill level 1 in Polearms
  1891 | D:2      | Reached skill level 4 in Fighting
  2044 | D:2      | Noticed Sigmund
  2051 | D:2      | Killed Sigmund
  2051 | D:2      | Reached XP level 4. HP: 41/41 MP: 4/4
  2051 | D:2      | Reached XP level 5. HP: 47/47 MP: 5/5
  2332 | D:2      | Killed Jessica
  2471 | D:3      | Reached skill level 5 in Fighting
  2471 | D:3      | Reached XP level 6. HP: 28/56 MP: 6/6
  2989 | D:3      | Found a glowing drain.
  2996 | Sewer    | Entered a sewer
  3299 | Sewer    | Reached *** piety under Trog
  3299 | Sewer    | Reached skill level 5 in Polearms
  3334 | Sewer    | Found a white marble altar of Elyvilon.
  4451 | D:4      | Your scales start taking on a fiery red colour.
  4451 | D:4      | Reached XP level 7. HP: 62/62 MP: 7/7
  4451 | D:4      | Gained mutation: Your flesh is heat resistant. (rF+) [Red
                  | Draconian growth]
  4776 | D:4      | Reached skill level 6 in Fighting
  4880 | D:4      | Found a transporter.
  4895 | D:4      | Found a transporter.
  5049 | D:4      | Noticed Blork the orc
  5538 | D:5      | Entered Level 5 of the Dungeon
  5820 | D:5      | Noticed Edmund
  6067 | D:5      | Found a runed translucent door.
  6068 | D:5      | Noticed Crazy Yiuf
  6377 | D:5      | Reached XP level 8. HP: 71/71 MP: 8/8
  6523 | D:5      | Killed Edmund
  7153 | D:6      | Reached skill level 7 in Fighting
  7958 | D:7      | Reached **** piety under Trog
  8018 | D:7      | Found a staircase to the Ecumenical Temple.
  8556 | D:7      | Found a blossoming altar of Fedhas.
  8837 | D:7      | Reached XP level 9. HP: 79/80 MP: 9/9
  8993 | D:8      | Noticed a death yak
  8994 | D:8      | Noticed a death yak
  9023 | D:7      | Killed a death yak
  9023 | D:7      | Reached skill level 8 in Fighting
  9023 | D:7      | Reached skill level 5 in Dodging
  9224 | D:8      | Noticed a death yak
  9243 | D:7      | Killed a death yak
  9243 | D:7      | Reached skill level 10 in Polearms
  9423 | D:7      | Reached XP level 10. HP: 80/89 MP: 10/10
  9495 | D:7      | Killed a death yak
  9547 | D:8      | Found a staircase to the Lair.
 10084 | D:8      | Found a runed translucent gate.
 10085 | D:8      | Found a runed translucent gate.
 10085 | D:8      | Noticed Zaque's ghost (novice OgFi)
 10092 | D:8      | Found a runed translucent gate.
 10092 | D:8      | Found a roughly hewn altar of Beogh.
 11085 | D:9      | Reached skill level 1 in Evocations
 11188 | D:9      | Reached ***** piety under Trog
 11188 | D:9      | Received a gift from Trog
 11973 | D:9      | Noticed a brown ugly thing
 12033 | D:8      | Killed a brown ugly thing
 12033 | D:8      | Reached XP level 11. HP: 95/95 MP: 13/13
 12240 | D:9      | Reached skill level 9 in Fighting
 12257 | D:10     | Entered Level 10 of the Dungeon
 13063 | D:10     | Found a glowing golden altar of the Shining One.
 13369 | D:11     | Reached skill level 5 in Axes
 13720 | D:10     | Reached skill level 5 in Evocations
 14215 | D:11     | Received a gift from Trog
 14924 | D:11     | Found a portal to a secret trove of treasure.
 15770 | Lair:1   | Entered Level 1 of the Lair of Beasts
 16135 | Lair:1   | Reached skill level 10 in Fighting
 16153 | Lair:1   | Received a gift from Trog
 16217 | Lair:1   | Reached XP level 12. HP: 44/106 MP: 17/17
 17274 | Lair:1   | Got an ancient pewter ring
 17279 | Lair:1   | Identified the ring "Caghaoz" {rElec EV+6} (You found it on
                  | level 1 of the Lair of Beasts)
 17829 | Lair:2   | Found a staircase to the Snake Pit.
 17920 | Lair:2   | Reached skill level 1 in Shields
 19287 | Lair:3   | Found a staircase to the Swamp.
 19376 | Lair:3   | Reached skill level 11 in Fighting
 19441 | Lair:3   | Noticed an eight-headed hydra
 19451 | Lair:3   | Killed a five-headed hydra
 20031 | Lair:4   | Noticed an eight-headed hydra
 20044 | Lair:4   | Killed a five-headed hydra
 20044 | Lair:4   | Reached XP level 13. HP: 84/116 MP: 2/19
 20579 | Lair:4   | Received a gift from Trog
 20924 | Lair:4   | Reached skill level 10 in Dodging
 21280 | Lair:5   | Noticed Josephine
 21291 | Lair:5   | Killed Josephine
 21590 | Lair:5   | Noticed Nessos
 21603 | Lair:5   | Killed Nessos
 21803 | Lair:5   | Noticed Sonja
 21806 | Lair:5   | Noticed Sonja
 21806 | Lair:5   | Sonja changed into Sonja the black mamba
 21814 | Lair:5   | Killed Sonja the black mamba
 22927 | D:12     | Noticed Urug
 23084 | D:11     | Reached skill level 12 in Fighting
 23346 | D:12     | Killed Urug
 23801 | D:12     | Received a gift from Trog
 24411 | D:12     | Found a staircase to the Orcish Mines.
 24457 | D:12     | Reached skill level 10 in Axes
 24719 | Orc:1    | Entered Level 1 of the Orcish Mines
 24758 | Orc:1    | You fall into a shaft and drop 1 floor!
 24758 | Orc:2    | Entered Level 2 of the Orcish Mines
 24758 | Orc:2    | Found a staircase to the Elven Halls.
 24759 | Orc:2    | Noticed Azrael
 24761 | Orc:2    | Noticed Erolcha
 24762 | Orc:2    | Found Etoh's Antique Armour Shop.
 25048 | Orc:1    | Killed Erolcha
 25199 | Orc:1    | Received a gift from Trog
 25552 | Orc:1    | Killed Azrael
 25552 | Orc:1    | Reached XP level 14. HP: 55/126 MP: 9/20
 27083 | Orc:2    | Noticed Donald
 27106 | Orc:2    | Killed Donald
 27365 | Orc:2    | Received a gift from Trog
 27593 | Orc:2    | Found Geocyxki's Armour Boutique.
 27593 | Orc:2    | Found Anoi's Weapon Emporium.
 27595 | Orc:2    | Found Yruffi Hugh's Armour Shoppe.
 27597 | Orc:2    | Found Ycamius's Assorted Antiques.
 27704 | Orc:2    | Found Dodaybi's Jewellery Shoppe.
 28306 | Lair:6   | Entered Level 6 of the Lair of Beasts
 28306 | Lair:6   | Found a viscous altar of Jiyva.
 28306 | Lair:6   | Found a staircase to the Slime Pits.
 28909 | Lair:6   | Reached skill level 5 in Shields
 29188 | Lair:6   | Received a gift from Trog
 29831 | Lair:6   | Identified the Compendium of Displaced Changing
 30035 | Lair:6   | Received a gift from Trog
 30870 | D:13     | Noticed Kirke
 30887 | D:13     | Killed Kirke
 30887 | D:13     | Reached XP level 15. HP: 130/132 MP: 19/21
 32267 | D:14     | Found a gate to the Vaults.
 32311 | D:14     | Reached skill level 10 in Shields
 32927 | D:15     | Entered Level 15 of the Dungeon
 33262 | D:15     | Noticed Roxanne
 33346 | D:15     | Noticed Jorgrun
 33360 | D:15     | Killed Jorgrun
 34007 | D:15     | Found a staircase to the Depths.
 34007 | D:15     | Noticed a frost giant
 34015 | D:15     | Killed a frost giant
 34601 | Swamp:1  | Entered Level 1 of the Swamp
 34834 | Swamp:1  | Received a gift from Trog
 36529 | Swamp:2  | Reached XP level 16. HP: 139/139 MP: 22/22
 39377 | Swamp:3  | Paralysed by a hornet for 3 turns
 39428 | Swamp:4  | Entered Level 4 of the Swamp
 42332 | Swamp:4  | Got a decaying rune of Zot
 43179 | Swamp:4  | Paralysed by a hornet for 2 turns
 43361 | Swamp:4  | Received a gift from Trog
 43393 | Swamp:4  | Noticed Aizul
 43569 | Snake:1  | Entered Level 1 of the Snake Pit
 43913 | Snake:1  | Found Ismauclo's Distillery.
 43981 | Snake:1  | Found Icywn's Book Shoppe.
 44232 | Snake:1  | Reached skill level 15 in Axes
 44411 | Snake:1  | Found Maoz Jot's Assorted Antiques.
 44411 | Snake:1  | Found Doxouwesiss's Distillery.
 44414 | Snake:1  | Found Kigid's Magic Scroll Emporium.
 44441 | Snake:1  | Reached skill level 15 in Shields
 45058 | Snake:1  | Reached XP level 17. HP: 128/146 MP: 14/23
 45965 | Snake:2  | Received a gift from Trog
 46071 | Snake:2  | Found a white marble altar of Elyvilon.
 47555 | Snake:3  | Reached skill level 13 in Fighting
 47904 | Snake:3  | Received a gift from Trog
 48547 | Snake:3  | Found a blossoming altar of Fedhas.
 49101 | Snake:4  | Entered Level 4 of the Snake Pit
 49368 | Snake:4  | Reached skill level 14 in Fighting
 49386 | Snake:4  | Received a gift from Trog
 50817 | Snake:4  | Reached skill level 15 in Fighting
 50824 | Snake:4  | Reached XP level 18. HP: 126/163 MP: 22/24
 51360 | Snake:4  | Received a gift from Trog
 52437 | Snake:4  | Reached skill level 16 in Fighting
 52927 | Snake:4  | Got a serpentine rune of Zot
 53142 | D:8      | Killed Zaque's ghost
 53166 | D:8      | Got a pair of jewelled boots
 53177 | D:8      | Identified the -1 pair of boots "Zerej" {+Inv Int-2 Dex+3
                  | SInv} (You found it on level 8 of the Dungeon)
 53372 | Vaults:1 | Entered Level 1 of the Vaults
 54479 | Vaults:1 | Noticed Sojobo
 54492 | Vaults:1 | Killed Sojobo
 54492 | Vaults:1 | Reached skill level 17 in Fighting
 54519 | Vaults:1 | Paralysed by a vampire knight for 4 turns
 54546 | Vaults:1 | Noticed Agnes
 54746 | Vaults:1 | Killed Agnes
 55391 | Vaults:2 | Found Sahaobb's Gadget Emporium.
 55470 | Vaults:1 | Received a gift from Trog
 56048 | Vaults:2 | Reached XP level 19. HP: 162/179 MP: 25/25
 56128 | Vaults:2 | Reached skill level 18 in Fighting
 56414 | Vaults:2 | Got a translucent brass ring
 56418 | Vaults:2 | Identified the ring of Compulsion {+Blink +Fly rN+ Int+3}
                  | (You found it on level 2 of the Vaults)
 56586 | Vaults:2 | Received a gift from Trog
 57153 | Vaults:2 | Received a gift from Trog
 57599 | Vaults:2 | Found a runed translucent door.
 57599 | Vaults:2 | Noticed Esootuin's ghost (adept HOMo)
 57747 | Vaults:2 | Reached skill level 19 in Fighting
 58346 | Vaults:3 | Noticed Margery
 58365 | Vaults:3 | Killed Margery
 58647 | Vaults:3 | Noticed a lich
 58661 | Vaults:3 | Killed a lich
 58683 | Vaults:3 | Received a gift from Trog
 59927 | Vaults:3 | Reached skill level 20 in Fighting
 60006 | Vaults:3 | Received a gift from Trog
 60174 | Vaults:3 | Reached XP level 20. HP: 190/193 MP: 24/26
 60471 | Vaults:3 | Found a staircase to the Crypt.
 60531 | Vaults:4 | Found Ikhlukoj's General Store.
 60534 | Vaults:4 | Bought a scroll of noise for 21 gold pieces
 60536 | Vaults:4 | Identified 2 scrolls of acquirement
 61496 | Vaults:4 | Received a gift from Trog
 62140 | Vaults:4 | Reached skill level 21 in Fighting
 62658 | Vaults:4 | Reached skill level 15 in Dodging
 62969 | Vaults:4 | Upgraded the game from 0.25-a0-663-gace7076f2c to
                  | 0.25-a0-665-ga69d64035b
 63185 | Depths:1 | Entered Level 1 of the Depths
 63509 | Depths:1 | Paralysed by a great orb of eyes for 7 turns
 63717 | Depths:1 | Found a one-way gate to the infinite horrors of the Abyss.
 63735 | Depths:1 | Found a gateway to Hell.
 64445 | Depths:1 | Found Taukheew's Gadget Shoppe.
 64453 | Depths:1 | Bought a wand of digging (5) for 234 gold pieces
 64453 | Depths:1 | Bought a wand of digging (5) for 234 gold pieces
 64904 | Depths:2 | HP: 3/200 [spark wasp (12)]
 64908 | Depths:2 | Reached skill level 22 in Fighting
 65724 | Depths:2 | Noticed a juggernaut
 65790 | Depths:2 | Killed a juggernaut
 65790 | Depths:2 | Reached XP level 21. HP: 207/207 MP: 27/27
 66015 | Depths:2 | Found a one-way gate leading to the halls of Pandemonium.
 67184 | Depths:3 | Noticed a golden dragon
 67224 | Depths:2 | Killed a golden dragon
 67882 | Depths:3 | Reached skill level 23 in Fighting
 68389 | Depths:3 | Noticed a caustic shrike
 68400 | Depths:3 | Killed a caustic shrike
 69461 | Depths:3 | Noticed a golden dragon
 69485 | Depths:3 | Killed a golden dragon
 69695 | Depths:3 | Noticed a juggernaut
 69714 | Depths:3 | Killed a juggernaut
 69789 | Depths:3 | Noticed a caustic shrike
 69800 | Depths:3 | Killed a caustic shrike
 69833 | Depths:3 | Identified the amulet "Hikippiv" {Reflect rN+ SH+2}
 69834 | Depths:3 | Noticed a golden dragon
 69858 | Depths:3 | Killed a golden dragon
 70988 | Depths:3 | Reached XP level 22. HP: 138/222 MP: 28/28
 71296 | Depths:2 | Reached skill level 24 in Fighting
 71378 | Depths:2 | Identified the +1 plate armour of Philately {rN+}
 71495 | Depths:2 | Identified the +1 robe "Avurr" {rElec}
 71847 | Depths:2 | Found an ancient bone altar of Kikubaaqudgha.
 71848 | Depths:2 | Found an ornate altar of the Wu Jian Council.
 71848 | Depths:2 | Found a hide-covered altar of Uskayaw.
 72497 | Depths:2 | You fall into a shaft and drop 1 floor!
 72730 | Depths:2 | Received a gift from Trog
 73573 | Depths:4 | Found a gateway to a ziggurat.
 74933 | Depths:4 | Reached skill level 25 in Fighting
 76227 | Depths:4 | Reached XP level 23. HP: 205/234 MP: 26/30
 76293 | Depths:4 | Identified the amulet of Buedghag {Regen+ Str+5 Dex+3}
 76436 | Depths:4 | Reached skill level 10 in Evocations
 76470 | Depths:4 | Found the +9 scales of the Dragon King {rPois rF+ rC+ MR+}
 76475 | Depths:4 | Found the +8 orange crystal plate armour {Archmagi, Int+3
                  | Clar}
 76678 | Depths:4 | Got a bloodstained war axe
 76683 | Depths:4 | Identified the +12 war axe of Kixzu {venom, rC- Dex+5} (You
                  | found it on level 4 of the Depths)
 76831 | Depths:5 | Entered Level 5 of the Depths
 76868 | Depths:5 | Received a gift from Trog
 77203 | Depths:5 | Found Ydiraus's Jewellery Shoppe.
 77204 | Depths:5 | Found Luosi's Gadget Shop.
 77205 | Depths:5 | Found Wutaemu's Jewellery Shoppe.
 77221 | Depths:5 | Bought the ring "Saufryr" {rN+ AC+3 Str+4 Slay+2} for 686
                  | gold pieces
 78189 | Depths:5 | Found a gate to the Realm of Zot.
 78539 | Depths:5 | Reached skill level 26 in Fighting
 78905 | Depths:5 | Found Yroled's General Store.
 78924 | Depths:5 | Found an iron altar of Okawaru.
 79132 | Depths:5 | Paralysed by a vampire knight for 7 turns
 79148 | Depths:5 | Noticed a juggernaut
 79677 | Orc:2    | Upgraded the game from 0.25-a0-665-ga69d64035b to
                  | 0.25-a0-697-g890751e744
 79678 | Elf:1    | Entered Level 1 of the Elven Halls
 79735 | Elf:1    | Received a gift from Trog
 79756 | Elf:1    | Found a radiant altar of Vehumet,
 80270 | Elf:1    | Found a huge runed gate,
 80270 | Elf:1    | Found a huge runed gate,
 80270 | Elf:1    | Found a huge runed gate,
 80271 | Elf:1    | Found a huge runed gate,
 80271 | Elf:1    | Found a huge runed gate,
 80271 | Elf:1    | Found a huge runed gate,
 80271 | Elf:1    | Found a huge runed gate,
 80272 | Elf:1    | Found a huge runed gate,
 80274 | Elf:1    | Found a huge runed gate,
 80281 | Elf:1    | Found a huge runed gate,
 80282 | Elf:1    | Found a huge runed gate,
 80283 | Elf:1    | Found a huge runed gate,
 80284 | Elf:1    | Found a huge runed gate,
 80341 | Elf:1    | Identified the Handbook of Arcane Weapons
 80533 | Elf:1    | Found a huge runed gate,
 80533 | Elf:1    | Found a huge runed gate,
 80533 | Elf:1    | Found a huge runed gate,
 80533 | Elf:1    | Found a huge runed gate,
 80533 | Elf:1    | Found a huge runed gate,
 80534 | Elf:1    | Found a huge runed gate,
 80535 | Elf:1    | Found a huge runed gate,
 80536 | Elf:1    | Found a huge runed gate,
 80821 | Elf:2    | Received a gift from Trog
 80953 | Elf:2    | Identified the +9 rapier "Taen" {protect, rPois Dex+4}
 81232 | Elf:2    | Found a huge runed translucent gate,
 81232 | Elf:2    | Found a huge runed translucent gate,
 81232 | Elf:2    | Found a huge runed translucent gate,
 81232 | Elf:2    | Found a huge runed translucent gate,
 81233 | Elf:2    | Found a huge runed translucent gate,
 81358 | Elf:3    | Entered Level 3 of the Elven Halls
 81367 | Elf:3    | Found Jiwe's Distillery,
 82132 | Elf:3    | Reached XP level 24. HP: 213/247 MP: 28/31
 82215 | Elf:3    | Cast into level 2 of the Abyss (a deep elf sorcerer)
 82243 | Abyss:2  | Got a scorched falchion
 82503 | Abyss:4  | Received a gift from Trog
 82518 | Abyss:5  | Entered Level 5 of the Abyss
 82630 | Abyss:5  | Found a corrupted altar of Lugonu,
 82829 | Abyss:5  | Found a transporter,
 82924 | Abyss:5  | Reached skill level 27 in Fighting
 82929 | Abyss:5  | Found a transporter,
 82935 | Abyss:5  | Got an abyssal rune of Zot
 82944 | Elf:3    | Escaped the Abyss
 82953 | Elf:3    | Received a gift from Trog
 83776 | Elf:3    | Identified the +10 glaive of Karma {vorpal, Str+4 Int+3
                  | Stlth+}
 84086 | Elf:3    | Identified the cursed +3 scimitar "Gato" {drain, rF+ MR-
                  | Int+6}
 84086 | Elf:3    | Identified the cursed ring of Hairr {rN+ MP-9 EV-3 Str+3}
 84224 | Elf:3    | Identified Ciresy's Handbook of Ashen Dislocation
 84264 | Elf:3    | Identified Qyupazu's Tome of Harmful Air
 85296 | Zot:1    | Entered Level 1 of the Realm of Zot
 85508 | Depths:5 | Received a gift from Trog
 86328 | Zot:1    | Reached XP level 25. HP: 229/257 MP: 31/33
 86679 | Zot:1    | Found a runed translucent door,
 86679 | Zot:1    | Noticed Bouryr's ghost (master MiFi)
 86920 | Zot:1    | Reached skill level 15 in Evocations
 87122 | Zot:2    | Noticed an orb of fire
 87126 | Zot:2    | Gained mutation: You are dopey. (Int -2) [an orb of fire]
 87140 | Zot:2    | Killed an orb of fire
 87144 | Zot:2    | Received a gift from Trog
 87993 | Zot:2    | Noticed an orb of fire
 87994 | Zot:2    | Lost mutation: You are dopey. (Int -2) [an orb of fire]
 88201 | Zot:1    | Killed an orb of fire
 88947 | Zot:2    | Received a gift from Trog
 90487 | Zot:4    | Reached XP level 26. HP: 260/266 MP: 35/35
 90611 | Zot:4    | Received a gift from Trog
 92192 | Zot:5    | Entered Level 5 of the Realm of Zot
 93372 | Zot:5    | Noticed an orb of fire
 93376 | Zot:5    | Noticed an ancient lich
 93734 | Zot:5    | Killed an ancient lich
 93758 | Zot:5    | Killed an orb of fire
 93951 | Zot:5    | Noticed an orb of fire
 93971 | Zot:5    | Gained mutation: You are clumsy. (Dex -2) [an orb of fire]
 93978 | Zot:5    | Killed an orb of fire
 94135 | Zot:5    | Noticed an orb of fire
 94138 | Zot:5    | Gained mutation: You are frail. (-10% HP) [an orb of fire]
 94144 | Zot:5    | Gained mutation: You are very frail. (-20% HP) [an orb of
                  | fire]
 94151 | Zot:5    | Gained mutation: Your magical capacity is low. (-10% MP)
                  | [an orb of fire]
 94152 | Zot:5    | Killed an orb of fire
 94304 | Zot:4    | Received a gift from Trog
 94307 | Zot:4    | Got a steaming spear {god gift}
 94409 | Zot:5    | Identified the +11 spear of the Spheres {vorpal, Int-3
                  | Dex+7} (Trog gifted it to you on level 4 of the Realm of
                  | Zot)
 94475 | Zot:5    | Noticed an orb of fire
 94518 | Zot:5    | Reached XP level 27. HP: 56/218 MP: 10/33
 94939 | Zot:5    | Noticed an ancient lich
 95110 | Zot:5    | Killed an ancient lich
 95188 | Zot:5    | Noticed an ancient lich
 95207 | Zot:5    | Killed an ancient lich
 95543 | Zot:5    | Noticed an ancient lich
 95548 | Zot:5    | Noticed an ancient lich
 95549 | Zot:5    | Paralysed by an ancient lich for 4 turns
 95552 | Zot:5    | HP: 8/218 [red draconian/searing blast (11)]
 95553 | Zot:5    | Demolished by an Orb Guardian

Levels and vault maps discovered:
D:1:      ldierk_walled_garden, layout_basic
D:2:      layout_basic, chequers_decorated_corner, uniq_jessica, uniq_sigmund
D:3:      layout_basic, lightli_sewer_entry_pipes, serial_bayou_lagoon_a
D:4:      gammafunk_steamed_eel, layout_basic, first_ration, uniq_blork_the_orc
D:5:      layout_loops_cross, uniq_crazy_yiuf_cottage, uniq_edmund
D:6:      layout_loops_ring
D:7:      layout_basic, lemuel_doored_altar, minmay_temple_entry_junction_2,
          st_stairs_12
D:8:      layout_basic, dpeg_lair_monsters, biasface_ghost_orc_armoury,
          enter_ossuary_3, grunt_ogre_cave
D:9:      layout_roguey [special_room_bee], grunt_tough_drop
D:10:     layout_roguey, tso_altar
D:11:     layout_basic, nicolae_trove_entry_free_sample
D:12:     layout_loops_ring, kennysheep_orc_monster_closet_entryway, uniq_urug
D:13:     layout_irregular_city, uniq_kirke
D:14:     layout_loops_ring, lightli_vaults_fourway_checkpoint,
          infiniplex_staircase_zigzag_2, minmay_misc_feat_cross
D:15:     grunt_enter_depths_snipers, layout_basic, minmay_misc_feat_square,
          minmay_misc_feat_encased, chequers_garden, minivault_19, uniq_jorgrun,
          uniq_roxanne
Lair:1:   minmay_lair_oklob_tunnel, layout_gridlike, minivault_23,
          grunt_forest_large_clearings
Lair:2:   layout_regular_city, guppyfry_snake_entry_island
Lair:3:   layout_roguey, minmay_swamp_entry_eels, chequers_serial_rivers_room_a,
          ldierk_geyser, grunt_megastairs_3
Lair:4:   layout_regular_city, kennysheep_rathole, grunt_megastairs_5,
          serial_bayou_shore_b, serial_bayou_shore_a
Lair:5:   layout_gridlike, grunt_megastairs_2, uniq_sonja, uniq_josephine,
          uniq_nessos
Lair:6:   minmay_lair_end_enchanted_forest, layout_cave_pods, slime_altar_1
Swamp:1:  layout_basic_swamp, evilmike_swamp_ruin_wall
Swamp:2:  layout_basic_swamp, hangedman_swamp_lotus
Swamp:3:  layout_basic_swamp, nicolae_swamp_dense_foliage
Swamp:4:  swamp, layout_basic_swamp, uniq_aizul
Snake:1:  layout_chambers, serial_shops, shop, minmay_shoptagon
Snake:2:  layout_onion, basic_altar
Snake:3:  layout_honeycomb, basic_altar
Snake:4:  grunt_snake_rune_serpentine_throne, layout_cave_town
Orc:1:    layout_caves
Orc:2:    st_orc_rangers, layout_caves, serial_shops, nicolae_shop_crystal,
          shop, uniq_azrael, uniq_donald, uniq_erolcha
Elf:1:    eino_elf_arrival_altar, layout_geoelf_octagon,
          minmay_elf_annihilation, door_vault
Elf:2:    layout_geoelf_grid, lemuel_flame_loot_1
Elf:3:    elf_hall, layout_gridlike, serial_shops, shop
Vaults:1: grunt_vaults_twisty, vaults_dpeg_ring, sword_in_stone,
          dpeg_vaults_monster_box, ontoclasm_vaults_twist,
          nicolae_vaults_yaktaur_gun_rack, nicolae_vaults_diagonal_hallway_6,
          layout_vaults_big_room
Vaults:2: ebering_vaults_ghost_inner_flame, nicolae_vaults_three_branches,
          v_misc_15, st_hourglassy, v_misc_5, nicolae_vaults_hallways_thing,
          v_pattern_4, v_misc_24, nicolae_vaults_twisting_passages,
          hangedman_vaults_slice, grunt_vaults_bifocal, v_misc_26,
          vaults_room_pool, hangedman_vaults_stretched_pinwheel, v_misc_16,
          v_misc_23, layout_vaults_maze_bifur, serial_shops, shop
Vaults:3: vaults_dpeg_hooks, minmay_crypt_entry_vampire_xt,
          hangedman_vaults_maws, vaults_mumra_hex, grunt_vaults_swirl,
          vaults_room_fancy_cross, grunt_vaults_hallway_short, st_cells,
          layout_vaults_quadrants, uniq_margery
Vaults:4: nicolae_vaults_windows_and_doors_thing, v_misc_8,
          nicolae_vaults_big_angled_halls, ontoclasm_vaults_hangar,
          ontoclasm_vaults_ring_small, nicolae_vaults_little_squares_3,
          hangedman_vaults_locks, hangedman_vaults_cutoff,
          grunt_vaults_hallway_long, vaults_room_fours, layout_vaults_omnicross,
          serial_shops, shop
Depths:1: layout_cave_pools, moated_statue, hangedman_geh_valley, abyss_entry,
          serial_shops, shop_statue, hangedman_decor_points, hex_medium,
          serial_bayou_pond_e, minmay_fountain_box, minmay_misc_feat_rugged,
          minivault_14, st_stairs_6, kennysheep_diamond, minmay_holes,
          grunt_ministairs_11
Depths:2: hangedman_slaughterboxes, pan_entry, serial_shops, hell_entry
Depths:3: minmay_tile_spiral, layout_gridlike, hellmouth_1, abyss_entry,
          minmay_misc_feat_ornament, pan_entry, minmay_staircase_windowed_small
Depths:4: kennysheep_large_vault, layout_gridlike, enter_ziggurat_e,
          minmay_tree_intersection, abyss_entry_small_statue_room, hell_entry,
          serial_corexii_hall, corexii_hall_statues_s, chequers_hall_statues_y
Depths:5: grunt_crosshair, layout_cave_shapes, grunt_hell_entry_dis_grunt,
          okawaru_ov_weapons_minmay, serial_shops, shop, nicolae_sextant,
          minmay_shop_grove
Zot:1:    kennysheep_ambush_hall, layout_misc_corridors,
          ebering_ghost_inner_flame, kennysheep_underground_church
Zot:2:    layout_onion, bh_zot_lava_cross, st_stairs_6
Zot:3:    layout_onion
Zot:4:    kennysheep_six_static_rooms, layout_basic
Zot:5:    layout_basic, grunt_ministairs_2, hangedman_zot_diagonal_lockstep

Skill      XL: |  1  2  3  4  5  6  7  8  9 10 11 12 13 14 15 16 17 18 19 20 21 22 23 24 25 26 |
---------------+-------------------------------------------------------------------------------+-----
Polearms       | 3 4 5 6 8 10 11 12 14 | 14.9
Fighting       | 4 5 6 7 8 10 11 12 15 17 20 22 23 25 26 27 | 27.0
Dodging        | 3 4 6 7 8 9 10 11 12 14 15 16 17 18 19 21 22 | 22.8
Evocations     | 3 7 8 9 11 14 17 19 | 19.9
Axes           | 4 6 8 10 12 13 15 | 15.8
Shields        | 1 8 12 15 | 15.0

Action                   |  1- 3 |  4- 6 |  7- 9 | 10-12 | 13-15 | 16-18 | 19-21 | 22-24 | 25-27 || total
-------------------------+-------+-------+-------+-------+-------+-------+-------+-------+-------++-------
Melee: Hand axe          |    73 |       |       |       |       |       |       |       |       ||    73
       Tailslap          |     9 |    15 |    37 |   133 |   172 |   187 |   275 |   331 |   263 ||  1422
       Spear             |    48 |   180 |   289 |   768 |       |       |       |       |       ||  1285
       Battleaxe         |       |       |       |    50 |       |       |       |       |       ||    50
       Broad axe         |       |       |       |    52 |   387 |   422 |   316 |   224 |   157 ||  1558
       Halberd           |       |       |       |    40 |   137 |       |       |       |       ||   177
       Demon trident     |       |       |       |       |   715 |   884 |  1145 |  1510 |   899 ||  5153
       Glaive            |       |       |       |       |     6 |       |       |       |       ||     6
Throw: Stone             |    12 |    48 |    66 |   141 |   151 |   172 |   103 |    80 |    12 ||   785
Invok: Berserk           |     1 |       |     6 |     4 |     2 |     1 |     2 |     1 |     6 ||    23
       Brothers in Arms  |       |       |       |     1 |     2 |     3 |     5 |     4 |       ||    15
       Trog's Hand       |       |       |       |     1 |     3 |    11 |    23 |    20 |     3 ||    61
 Abil: Breathe Fire      |       |       |     2 |    12 |     9 |     2 |     8 |     1 |       ||    34
Evoke: Wand              |       |       |       |       |     1 |     1 |       |     1 |     3 ||     6
  Use: Scroll            |     1 |     1 |    10 |     6 |     9 |    10 |    11 |     7 |    16 ||    71
       Potion            |       |       |     1 |       |       |     5 |     2 |       |     5 ||    13
 Stab: Sleeping          |     1 |     1 |     1 |       |     2 |       |     1 |     3 |     1 ||    10
       Distracted        |     1 |       |       |       |     1 |       |     2 |     4 |       ||     8
  Eat: Chunk             |     4 |     8 |    19 |    39 |    41 |    20 |    39 |    46 |    22 ||   238
       Ration            |       |       |     1 |     1 |     5 |    15 |     6 |     4 |     4 ||    36
Armor: Skin              |    37 |    27 |    41 |   108 |   190 |   171 |    90 |    91 |    79 ||   834
Dodge: Dodged            |    73 |    61 |   109 |   417 |   797 |   648 |   571 |   827 |   573 ||  4076
Block: Buckler           |       |       |       |     1 |       |       |       |       |       ||     1
       Kite shield       |       |       |       |       |   253 |   606 |   540 |   893 |   655 ||  2947
       Reflection        |       |       |       |       |       |       |       |    66 |     9 ||    75

Table legend:
 A = Non-vault XP
 B = Vault XP
 C = Vault XP percentage of total XP
 D = Non-vault monster count
 E = Vault monster count
 F = Vault count percentage of total count
                 A         B        C        D         E       F
            +---------+---------+-------+---------+---------+-------
      Total |  819104 |  707965 |  46.4 |    1478 |     795 |  35.0
            +---------+---------+-------+---------+---------+-------
        D:1 |      44 |       0 |   0.0 |      24 |       0 |   0.0
        D:2 |      41 |     242 |  85.5 |      19 |       2 |   9.5
        D:3 |     173 |     105 |  37.8 |      30 |      10 |  25.0
        D:4 |     427 |       0 |   0.0 |      17 |       0 |   0.0
        D:5 |     410 |     176 |  30.0 |      13 |       1 |   7.1
        D:6 |     640 |       0 |   0.0 |      16 |       0 |   0.0
        D:7 |     788 |    3225 |  80.4 |      32 |       7 |  17.9
        D:8 |    1285 |    2172 |  62.8 |      28 |      14 |  33.3
        D:9 |    1007 |    2033 |  66.9 |      21 |      27 |  56.2
       D:10 |    2252 |       0 |   0.0 |      21 |       0 |   0.0
       D:11 |    6229 |       0 |   0.0 |      59 |       0 |   0.0
       D:12 |    3176 |    2658 |  45.6 |      32 |      21 |  39.6
       D:13 |    5038 |    2406 |  32.3 |      28 |       3 |   9.7
       D:14 |    9187 |    7247 |  44.1 |      25 |      12 |  32.4
       D:15 |    7495 |    8270 |  52.5 |      21 |       6 |  22.2
     Lair:1 |     858 |    5472 |  86.4 |       5 |      33 |  86.8
     Lair:2 |    3690 |    1656 |  31.0 |      20 |       8 |  28.6
     Lair:3 |    6517 |     249 |   3.7 |      29 |       4 |  12.1
     Lair:4 |    5479 |     718 |  11.6 |      16 |      15 |  48.4
     Lair:5 |    6363 |    2827 |  30.8 |      30 |       5 |  14.3
     Lair:6 |   15075 |    8926 |  37.2 |      38 |      48 |  55.8
    Swamp:1 |   14928 |       0 |   0.0 |      28 |       0 |   0.0
    Swamp:2 |   14355 |       0 |   0.0 |      36 |       0 |   0.0
    Swamp:3 |   10342 |    2767 |  21.1 |      18 |       5 |  21.7
    Swamp:4 |    8007 |   11232 |  58.4 |      30 |      18 |  37.5
    Snake:1 |   20336 |       0 |   0.0 |      40 |       0 |   0.0
    Snake:2 |   16872 |       0 |   0.0 |      30 |       0 |   0.0
    Snake:3 |   29237 |     493 |   1.7 |      62 |       1 |   1.6
    Snake:4 |   12547 |   41578 |  76.8 |      21 |      63 |  75.0
      Orc:1 |    2907 |    4221 |  59.2 |      23 |      14 |  37.8
      Orc:2 |    2102 |    6108 |  74.4 |      19 |      31 |  62.0
      Elf:1 |   10970 |   22920 |  67.6 |      17 |      27 |  61.4
      Elf:2 |   14831 |    1799 |  10.8 |      23 |       2 |   8.0
      Elf:3 |    9891 |   47457 |  82.8 |      15 |      33 |  68.8
   Vaults:1 |   22716 |   20697 |  47.7 |      48 |      25 |  34.2
   Vaults:2 |   40435 |   23571 |  36.8 |      72 |      45 |  38.5
   Vaults:3 |   20391 |   32892 |  61.7 |      37 |      31 |  45.6
   Vaults:4 |   40085 |   14095 |  26.0 |      62 |      17 |  21.5
   Depths:1 |   30269 |    5753 |  16.0 |      38 |      10 |  20.8
   Depths:2 |    7392 |   99593 |  93.1 |       8 |      82 |  91.1
   Depths:3 |   24053 |   64178 |  72.7 |      31 |      37 |  54.4
   Depths:4 |   31004 |   67560 |  68.5 |      48 |      45 |  48.4
   Depths:5 |   69050 |   21593 |  23.8 |      54 |      17 |  23.9
      Zot:1 |   43876 |   18964 |  30.2 |      24 |      13 |  35.1
      Zot:2 |   69429 |    1995 |   2.8 |      42 |       1 |   2.3
      Zot:3 |   29514 |       0 |   0.0 |      19 |       0 |   0.0
      Zot:4 |   78305 |   33332 |  29.9 |      39 |      14 |  26.4
      Zot:5 |   36977 |   99440 |  72.9 |      19 |      20 |  51.3
    Abyss:2 |    3542 |       0 |   0.0 |      10 |       0 |   0.0
    Abyss:3 |    2810 |       0 |   0.0 |       7 |       0 |   0.0
    Abyss:4 |       0 |    2206 | 100.0 |       0 |       4 | 100.0
    Abyss:5 |   25757 |   15014 |  36.8 |      34 |      16 |  32.0
      Sewer |       0 |     125 | 100.0 |       0 |       8 | 100.0
            +---------+---------+-------+---------+---------+-------
